 Dungeon Crawl Stone Soup version 0.29.1-13-g9f3cf754e1 (webtiles) character file.

Game seed: 16196041735584420679

0 wrenrar the Grave Robber (level 1, -1/13 HPs)
             Began as a Demonspawn Necromancer on Jan 29, 2023.
             Slain by a kobold
             ... wielding a +0 short sword
              (4 damage)
             ... on level 1 of the Dungeon.
             The game lasted 00:00:19 (84 turns).

wrenrar the Grave Robber (Demonspawn Necromancer)     Turns: 84, Time: 00:00:20

Health: -1/13      AC:  2    Str:  8    XL:     1   Next: 8%
Magic:  3/3        EV: 12    Int: 16    God:
Gold:   14         SH:  0    Dex: 13    Spells: 3/4 levels left

rFire   . . .      SeeInvis .   (no weapon)
rCold   . . .      Faith    .   (no shield)
rNeg    . . .      Spirit   .   a - +0 robe
rPois   .          Reflect  .   (no helmet)
rElec   .          Harm     .   (no cloak)
rCorr   .          Rampage  .   (no gloves)
Will    .....                   (no boots)
Stlth   ++........              (no amulet)
HPRegen 0.04/turn               (no ring)
MPRegen 0.08/turn               (no ring)

@: no status effects
A: no striking features
a: no special abilities


You were on level 1 of the Dungeon.
You visited 1 branch of the dungeon, and saw 1 of its levels.

You collected 14 gold pieces.

Inventory:

Armour
 a - a +0 robe (worn)
Scrolls
 c - a scroll of fog {unknown}
Potions
 b - a potion of magic


   Skills:
 - Level 1.7 Dodging
 - Level 1.7 Stealth
 - Level 2.0 Spellcasting
 + Level 4.4 Necromancy


You had 3 spell levels left.
You knew the following spells:

 Your Spells              Type           Power      Damage    Failure   Level
a - Necrotise             Necr           60%        1d7       3%          1

Your spell library contained the following spells:

 Spells                   Type           Power      Damage    Failure   Level
 Vampiric Draining        Necr           15%        2d7       10%         3
 Animate Dead             Necr           15%        N/A       32%         4
 Agony                    Necr           15%        N/A       67%         5


Dungeon Overview and Level Annotations

Branches:
Dungeon (1/15)

Altars:


Message History

The kobold is moderately wounded.
The kobold closely misses you.
You completely miss the kobold.
The kobold is moderately wounded.
The kobold hits you but does no damage. The endoplasm freezes you.
You are frozen.
You closely miss the kobold.
The kobold is moderately wounded.
The kobold hits you with a +0 short sword.
The endoplasm hits you but does no damage.
You closely miss the kobold.
The kobold is moderately wounded.
The kobold closely misses you. The endoplasm completely misses you.
You hit the kobold but do no damage.
The kobold is moderately wounded.
The kobold misses you. The endoplasm freezes you.
You are frozen.
You hit the kobold but do no damage.
The kobold is moderately wounded.
The kobold barely misses you. The endoplasm hits you.
You are too injured to fight recklessly!
You are too injured to fight recklessly!
You are too injured to fight recklessly!
You are too injured to fight recklessly!
You are too injured to fight recklessly!
You are too injured to fight recklessly!
You are too injured to fight recklessly!
The endoplasm attacks as you move away! The endoplasm hits you.
The kobold attacks as you move away!
The kobold hits you with a +0 short sword.
* * * LOW HITPOINT WARNING * * *
You hit the kobold but do no damage.
The kobold is moderately wounded.
The kobold hits you but does no damage.
You closely miss the kobold.
The kobold is moderately wounded.
The kobold hits you with a +0 short sword.
You die...

#........#####
#..##...###..#
#.####.###... #.#
#.##S..
###'####.#...
#h#.#d##.#..##
###.####.##..##
#M#.#H##.##r..###.
###.####.@KJ.......
#m#.#O########...#.
###.### ...#
#p#.#V# ..# ###.###
.# #n#.#d# .#
###.### #6#.#Q#
###.###


You could see an endoplasm, a kobold and a rat.

Vanquished Creatures
  A rat (D:1)
1 creature vanquished.

Notes
Turn   | Place    | Note
-------+----------+-------------------------------------------
     0 | D:1      | wrenrar the Demonspawn Necromancer began the quest for the
                  | Orb.
     0 | D:1      | Reached XP level 1. HP: 13/13 MP: 3/3
     2 | D:1      | Noticed a demigod
     4 | D:1      | Noticed a meteoran
     4 | D:1      | Noticed a gargoyle
     6 | D:1      | Noticed a troll
     6 | D:1      | Noticed a formicid
     8 | D:1      | Noticed a naga
     8 | D:1      | Noticed a vine stalker
    10 | D:1      | Noticed a spriggan
    10 | D:1      | Noticed a minotaur
    12 | D:1      | Noticed an elf
    14 | D:1      | Noticed a felid
    14 | D:1      | Noticed a palentonga
    16 | D:1      | Noticed a demonspawn
    16 | D:1      | Noticed a tengu
    18 | D:1      | Noticed a ghoul
    18 | D:1      | Noticed a draconian
    20 | D:1      | Noticed a human
    20 | D:1      | Noticed a vampire
    22 | D:1      | Noticed a merfolk
    22 | D:1      | Noticed an ogre
    24 | D:1      | Noticed a minotaur
    26 | D:1      | Noticed a felid
    26 | D:1      | Noticed a draconian
    84 | D:1      | Slain by a kobold

Illustrated notes

Levels and vault maps discovered:
D:1:      kb_arrival_jail, layout_basic, minmay_tree_intersection, minmay_cupped

Action                   || total
-------------------------++-------
Melee: Unarmed           ||    15
 Stab: Sleeping          ||     1
Armor: Robe              ||     5
Dodge: Dodged            ||     8
